[Event "Titled Tuesday Blitz April 19 Early 2022"]
[White "Kosteniuk, Alexandra"]
[Black "Bacrot, Etienne"]
[WhiteFideId "4128125"]
[BlackFideId "605506"]
[WhiteElo "2469"]
[BlackElo "2673"]
[Result "1/2-1/2"]
[Round "03"]
[TimeControl "180+1"]
[Date "2022.04.19"]
[WhiteClock "0:00:04"]
[BlackClock "0:00:11"]

1. e4 c5 2. c3 d5 3. exd5 Qxd5 4. d4 e6 5. Nf3 Nf6 6. Be2 Be7 7. O-O O-O 8. c4 Qd8 9. Nc3 cxd4 10. Qxd4 Nc6 11. Qf4 Qa5 12. Nb5 a6 13. Bd2 Qd8 14. Nc3 e5 15. Qe3 Nd4 16. Bd3 Ng4 17. Qe4 Bf5 18. Qxf5 Nxf5 19. Bxf5 Nf6 20. Rfd1 Qc7 21. Rac1 Rad8 22. Nd5 Nxd5 23. cxd5 Qb6 24. Bc3 Bc5 25. Nxe5 Bxf2+ 26. Kh1 Rfe8 27. Rc2 Bh4 28. Rcd2 Qe3 29. Nf3 Be7 30. Ba5 b6 31. Rd3 Qxd3 32. Rxd3 bxa5 33. g3 Bf6 34. Rd2 Rd6 35. Kg2 g6 36. Bb1 a4 37. Bc2 Rb8 38. Bxa4 Rxb2 39. Rxb2 Bxb2 40. Bc6 f5 41. Nd2 Rd8 42. Nc4 Bd4 43. d6 Kf7 44. d7 Ke7 45. Kf3 Bc3 46. a4 h5 47. Ke2 a5 48. Kd3 Bb4 49. Kd4 Rf8 50. Ne5 Kd6 51. Nxg6 Rg8 52. Bd5 Rd8 53. Bf3 Rxd7 54. Bxh5 Rh7 55. Nf4 Bd2 56. Bg6 Rxh2 57. Bxf5 Bxf4 58. gxf4 Ra2 59. Bd3 Rxa4+ 60. Bc4 Ra1 61. f5 Rc1 62. Bb3 Rf1 63. Bc2 Rf4+ 64. Kc3 Kc5 65. Kb3 a4+ 66. Ka3 Kb5 67. Bd3+ Ka5 68. Bc2 Rf3+ 69. Kb2 Kb4 70. Be4 Rf4 71. Bd5 Rf2+ 72. Ka1 Rxf5 73. Be6 Rf2 74. Kb1 Ka3 75. Bc4 Rb2+ 76. Ka1 Rc2 77. Bd3 Rc3 78. Bb1 Kb4 79. Kb2 Rb3+ 80. Ka1 Ra3+ 81. Kb2 Rg3 82. Ba2 Re3 83. Ka1 Re1+ 84. Bb1 Re2 85. Ba2 Kc3 86. Bb1 Kb3 87. Bg6 Ra2+ 88. Kb1 Rg2 89. Bf7+ Ka3 90. Bd5 Rg1+ 91. Kc2 Rf1 92. Be6 Kb4 93. Kb2 Rf2+ 94. Kb1 Ka3 95. Bd5 Rf5 96. Be6 Rb5+ 97. Ka1 Re5 98. Ba2 Re3 99. Bb1 Kb3 100. Ba2+ Kc2 101. Bb1+ Kc3 102. Ba2 Re1+ 103. Bb1 Kb4 104. Kb2 Re3 105. Ba2 Re2+ 106. Ka1 Rh2 107. Bb1 Kb3 108. Bg6 Rh1+ 109. Bb1 Rh2 110. Bg6 Rf2 111. Bb1 Ka3 112. Be4 Ra2+ 113. Kb1 Re2 114. Bd5 Re5 115. Bf7 Rg5 116. Be6 Kb4 117. Ba2 a3 118. Ka1 Rg1+ 119. Bb1 a2 120. Kxa2 Kc3 121. Ka1 Rg5 122. Ba2 Ra5 123. Kb1 Ra6 124. Ka1 Kb4 125. Kb2 Rf6 126. Bb1 Rf2+ 127. Ka1 Kb3 128. Bg6 Ra2+ 129. Kb1 Ra7 130. Bc2+ Kc3 131. Bg6 Rb7+ 132. Ka2 Rb5 133. Ka1 Ra5+ 134. Kb1 Kb3 135. Kc1 Rg5 136. Bf7+ Ka3 137. Kd2 Rc5 138. Ke3 Kb4 139. Kd4 Rc7 140. Bd5 Rd7 141. Ke5 Kc5 142. Be6 Rd2 143. Kf6 Re2 144. Bg8 Kd6 145. Bf7 Rf2+ 146. Kg7 Ke7 147. Bg8 Rg2+ 148. Kh8 Kf6 149. Bh7 Kf7 150. Be4 Rg8+ 151. Kh7 Rg4 152. Bd5+ Kf6 153. Kh8 Rh4+ 154. Kg8 Kg6 155. Kf8 Kf6 156. Kg8 Rg4+ 157. Kh8 Kg6 158. Bb3 Rh4+ 159. Kg8 Rh2 160. Bf7+ Kf6 161. Bc4 Rh3 162. Ba2 Rg3+ 163. Kh8 Kg6 164. Bb1+ Kf7 165. Ba2+ Kf6 166. Bb1 Rg2 167. Bh7 Kf7 168. Be4 Rg8+ 169. Kh7 Rd8 170. Bg6+ 1/2-1/2


[Site "https://www.chess.com"]

[Event "Titled Tuesday Blitz April 19 Early 2022"]
[White "Kostiukov, Alexandr"]
[Black "Johnson, Ben"]
[WhiteFideId "14108100"]
[BlackFideId "2010917"]
[WhiteElo "2202"]
[BlackElo "2125"]
[Result "1-0"]
[Round "03"]
[TimeControl "180+1"]
[Date "2022.04.19"]
[WhiteClock "0:01:20"]
[BlackClock "0:00:03"]

1. g3 d5 2. Bg2 Nf6 3. d3 e5 4. e4 d4 5. f4 Nc6 6. Nf3 Bg4 7. O-O Be7 8. h3 Bxf3 9. Qxf3 O-O 10. a4 a5 11. Na3 exf4 12. gxf4 Nb4 13. Rf2 c6 14. Nc4 Nd7 15. e5 Nc5 16. f5 b5 17. axb5 cxb5 18. Qxa8 Qxa8 19. Bxa8 bxc4 20. Be4 cxd3 21. cxd3 Ncxd3 22. Bxd3 Nxd3 23. Re2 Rb8 24. Rxa5 Nxc1 25. Rc2 d3 26. Rxc1 Bb4 27. Rd5 d2 28. Rc4 h6 29. Kf1 Ba5 30. Ke2 Bb4 31. Rdd4 Ba5 32. b4 Bb6 33. Rd6 1-0


[Site "https://www.chess.com"]

[Event "Titled Tuesday Blitz April 19 Early 2022"]
[White "Kotepalli, Sai Nirupama"]
[Black "Hasangatin, Ramil"]
[WhiteFideId "5039444"]
[BlackFideId "4122160"]
[WhiteElo "2456"]
[BlackElo "2375"]
[Result "0-1"]
[Round "03"]
[TimeControl "180+1"]
[Date "2022.04.19"]
[WhiteClock "0:00:17"]
[BlackClock "0:01:09"]

1. e4 c5 2. Nf3 Nc6 3. d3 d6 4. g3 g6 5. Bg2 Bg7 6. O-O Nf6 7. c3 O-O 8. a3 c4 9. Re1 cxd3 10. Qxd3 Nd7 11. Qc2 a5 12. Nbd2 a4 13. Nf1 Nc5 14. Be3 Qa5 15. h4 Be6 16. N1d2 Rac8 17. Ng5 Bd7 18. Rad1 Ne5 19. f4 Ng4 20. Nf1 Nxe3 21. Nxe3 Bc6 22. Nd5 Rfe8 23. e5 Bxd5 24. Bxd5 e6 25. Bg2 dxe5 26. fxe5 Rcd8 27. Qf2 Qc7 28. Rd6 Nd3 29. Rxd3 Rxd3 30. h5 Red8 31. hxg6 hxg6 32. Be4 Rd1 33. Rxd1 Rxd1+ 34. Kg2 Bxe5 35. Qe2 Qd7 36. Qg4 f5 37. Bxf5 Qd2+ 38. Kf3 Rf1+ 39. Ke4 exf5+ 0-1


[Site "https://www.chess.com"]

[Event "Titled Tuesday Blitz April 19 Early 2022"]
[White "Kovalenko, Igor"]
[Black "Sailer, Mike"]
[WhiteFideId "14117908"]
[BlackFideId "2012901"]
[WhiteElo "2560"]
[BlackElo "2109"]
[Result "1-0"]
[Round "03"]
[TimeControl "180+1"]
[Date "2022.04.19"]
[WhiteClock "0:00:43"]
[BlackClock "0:00:02"]

1. Nf3 d5 2. g3 Nf6 3. Bg2 Bf5 4. O-O e6 5. d3 Be7 6. c4 c6 7. Qb3 Qb6 8. Be3 Qxb3 9. axb3 a6 10. Nc3 Nbd7 11. Nh4 Bg4 12. h3 Bh5 13. g4 Ng8 14. Nf3 Bg6 15. Bf4 h6 16. Rfd1 Bf6 17. d4 Be7 18. Rd2 Ngf6 19. Ne5 Nxe5 20. Bxe5 O-O 21. e3 Ne4 22. Nxe4 Bxe4 23. f3 Bg6 24. c5 f6 25. Bg3 Rac8 26. Ra4 Bd8 27. e4 Bc7 28. Kf2 Bxg3+ 29. Kxg3 Rc7 30. Re2 Kf7 31. Re3 Rd7 32. e5 Re7 33. Bf1 Rfe8 34. f4 Be4 35. Rb4 f5 36. Be2 g6 37. Rb6 Rd8 38. b4 Rg8 39. h4 Ke8 40. Ra3 Kf7 41. g5 h5 42. Kf2 Rd8 43. Ke3 Rdd7 44. Kd2 Kg7 45. Kc3 Kh7 46. Bxa6 bxa6 47. Rxc6 Rb7 48. Raxa6 Re8 49. Rxe6 Rxe6 50. Rxe6 Ra7 51. b5 Ra1 52. Re7+ Kg8 53. b6 Rc1+ 54. Kb3 Bc2+ 55. Kb4 Ra1 56. b7 Ra4+ 57. Kc3 Rc4+ 58. Kd2 Rxd4+ 59. Kxc2 Rb4 60. c6 1-0


[Site "https://www.chess.com"]

[Event "Titled Tuesday Blitz April 19 Early 2022"]
[White "Kozak, Antoni"]
[Black "Kollars, Dmitrij"]
[WhiteFideId "21832030"]
[BlackFideId "12909572"]
[WhiteElo "2236"]
[BlackElo "2584"]
[Result "1-0"]
[Round "03"]
[TimeControl "180+1"]
[Date "2022.04.19"]
[WhiteClock "0:00:09"]
[BlackClock "0:00:12"]

1. Nf3 Nf6 2. c4 g6 3. Nc3 Bg7 4. e4 O-O 5. d4 d6 6. h3 Na6 7. Bg5 h6 8. Be3 e5 9. d5 Nh5 10. Nd2 Nc5 11. g3 a5 12. Be2 Nf6 13. g4 Kh8 14. h4 Ng8 15. h5 Bf6 16. Nf3 Bxg4 17. hxg6 fxg6 18. Nh4 Bxe2 19. Nxg6+ Kg7 20. Qxe2 Kxg6 21. Qh5+ Kg7 22. Bxh6+ Nxh6 23. Rg1+ Bg5 24. Rxg5+ Qxg5 25. Qxg5+ Kh7 26. Ke2 Rg8 27. Qh5 Raf8 28. Rh1 Rf6 29. Qh4 Rgf8 30. f3 R8f7 31. Nd1 Kg7 32. Ne3 Kf8 33. Rg1 Ke8 34. Qh5 Kd7 35. Ng4 Nxg4 36. Qxg4+ Ke7 37. Rh1 Rxf3 38. Qxf3 Rxf3 39. Kxf3 Nd3 40. Rh7+ Kd8 41. b3 Nc5 42. Ke3 Kc8 43. Rg7 b6 44. Rg4 Kb7 45. Kd2 Nd7 46. Kc3 Nc5 47. a3 a4 48. b4 Nb3 49. Rg7 Kc8 50. Rg8+ Kb7 51. Rh8 Ka7 52. Rh7 Kb7 53. Rg7 Kb8 54. Rg1 Kb7 55. Rd1 Kb8 56. Rd3 Kb7 57. Kc2 Nd4+ 58. Rxd4 exd4 59. Kd3 b5 60. Kxd4 bxc4 61. Kxc4 Kb6 62. Kd3 Ka6 63. Kd4 Kb5 64. Kd3 Ka6 65. Kc4 Kb6 66. Kd4 Kb5 67. e5 dxe5+ 68. Kxe5 Kc4 69. Ke6 Kb3 70. d6 cxd6 71. b5 Kxa3 72. b6 Ka2 73. b7 a3 74. b8=Q Ka1 75. Qb3 a2 76. Qc2 d5 77. Qc1# 1-0


[Site "https://www.chess.com"]

[Event "Titled Tuesday Blitz April 19 Early 2022"]
[White "Lagunov, Evgenij"]
[Black "Dauner, Benedikt"]
[WhiteFideId "4125363"]
[BlackFideId "16225899"]
[WhiteElo "2200"]
[BlackElo "2230"]
[Result "1-0"]
[Round "03"]
[TimeControl "180+1"]
[Date "2022.04.19"]
[WhiteClock "0:00:48"]
[BlackClock "0:00:25"]

1. e4 e6 2. d4 f6 3. Nc3 Ne7 4. f4 d5 5. Bd3 g6 6. Nf3 Bg7 7. f5 exf5 8. exd5 Nxd5 9. Nxd5 Qxd5 10. c4 Qe6+ 11. Kf2 O-O 12. Re1 Qf7 13. b3 Nc6 14. Ba3 Re8 15. Rxe8+ Qxe8 16. Qd2 Bd7 17. Re1 Qf7 18. c5 Re8 19. Bc4 Be6 20. d5 Ne5 21. dxe6 Qe7 22. Nxe5 fxe5 23. Qd7 c6 24. Rd1 e4 25. Qxe7 Rxe7 26. Rd8+ Bf8 27. Bb2 b5 28. cxb6 axb6 29. Bf6 e3+ 30. Ke2 b5 31. Bxe7 bxc4 32. Bxf8 h5 33. e7 f4 34. e8=Q f3+ 35. gxf3 cxb3 36. Qxg6+ 1-0


[Site "https://www.chess.com"]

[Event "Titled Tuesday Blitz April 19 Early 2022"]
[White "Lashkin, Jegor"]
[Black "Hnydiuk, Aleksander"]
[WhiteFideId "13907808"]
[BlackFideId "1109057"]
[WhiteElo "2368"]
[BlackElo "2374"]
[Result "1/2-1/2"]
[Round "03"]
[TimeControl "180+1"]
[Date "2022.04.19"]
[WhiteClock "0:00:12"]
[BlackClock "0:00:12"]

1. c4 Nf6 2. Nf3 g6 3. b3 Bg7 4. Bb2 O-O 5. e3 d6 6. d4 e5 7. Nc3 e4 8. Nd2 Re8 9. Be2 h5 10. Qc2 Bf5 11. O-O Nc6 12. a3 Nxd4 13. exd4 e3 14. Bd3 Bxd3 15. Qxd3 exd2 16. Qxd2 d5 17. Rfe1 Qd7 18. Qd3 c6 19. h3 Rad8 20. Qc2 Re6 21. Re2 Rxe2 22. Qxe2 Re8 23. Qd3 Ne4 24. Re1 Nxc3 25. Rxe8+ Qxe8 26. Bxc3 b5 27. cxb5 cxb5 28. Bb4 a6 29. Kf1 Qc6 30. Bc5 Qe6 31. h4 f5 32. g3 Kf7 33. f3 Bf6 34. Qe2 Qxe2+ 35. Kxe2 Ke6 36. Ke3 Bg7 37. a4 Bh6+ 38. Kd3 Bg7 39. Bb4 Bf6 40. Bd2 Be7 41. axb5 axb5 42. Bf4 Bb4 43. Be5 Be7 44. Ke3 Bb4 45. Ke2 Be7 46. Bf4 Bb4 47. Bd2 Bd6 48. Kf2 Bc7 49. Bb4 Bb8 50. Bc5 Bc7 51. Kg2 Bb8 52. Kh3 Bc7 53. Ba7 Bd6 54. Bb6 Bb8 55. Bc5 Bc7 56. g4 fxg4+ 57. fxg4 Bb8 58. Bb6 Bd6 59. Ba7 Bc7 60. Bc5 Bb8 61. Bb6 Bd6 62. Ba7 Bc7 63. Bc5 1/2-1/2


[Site "https://www.chess.com"]

[Event "Titled Tuesday Blitz April 19 Early 2022"]
[White "Lewtak, Damian"]
[Black "Soucek, Petr"]
[WhiteFideId "1141724"]
[BlackFideId "23715170"]
[WhiteElo "2362"]
[BlackElo "1979"]
[Result "1-0"]
[Round "03"]
[TimeControl "180+1"]
[Date "2022.04.19"]
[WhiteClock "0:01:01"]
[BlackClock "0:00:23"]

1. e4 e5 2. Nf3 Nc6 3. Bb5 f5 4. d3 fxe4 5. dxe4 Nf6 6. O-O d6 7. Nc3 Bg4 8. h3 Bh5 9. Bg5 Be7 10. Bxf6 Bxf6 11. Nd5 O-O 12. g4 Bf7 13. Kg2 a6 14. Bc4 b5 15. Bb3 Kh8 16. Qd2 Nb8 17. a4 bxa4 18. Rxa4 Nd7 19. Ra3 Nc5 20. Qe3 Nxb3 21. cxb3 Bxd5 22. exd5 Be7 23. Rfa1 Qc8 24. Nd2 Qb7 25. Qd3 Rf4 26. Ne4 Bh4 27. Rxa6 Rxa6 28. Qxa6 Qxd5 29. Qc8+ Qg8 30. Ra8 1-0


[Site "https://www.chess.com"]

[Event "Titled Tuesday Blitz April 19 Early 2022"]
[White "Lopez, Henry"]
[Black "Piliczewski, Bogusz"]
[WhiteFideId "5203830"]
[BlackFideId "1104144"]
[WhiteElo "2177"]
[BlackElo "1896"]
[Result "1-0"]
[Round "03"]
[TimeControl "180+1"]
[Date "2022.04.19"]
[WhiteClock "0:00:06"]
[BlackClock "0:00:02"]

1. d4 d5 2. Nf3 Nf6 3. c4 c6 4. Nc3 e6 5. Bg5 Nbd7 6. e3 Qa5 7. cxd5 Nxd5 8. Qd2 Bb4 9. Rc1 Nxc3 10. bxc3 Ba3 11. Rb1 O-O 12. Bd3 e5 13. O-O f5 14. Bc4+ Kh8 15. dxe5 Nxe5 16. Nxe5 Qxe5 17. Bf4 Qe7 18. Rfd1 b5 19. Bb3 a5 20. Qd4 a4 21. Bc2 Be6 22. Ra1 Bb2 23. Rab1 a3 24. Bd6 Qf7 25. Bxf8 Qxf8 26. Bb3 Bxb3 27. axb3 a2 28. Rxb2 a1=Q 29. Rbb1 Qa7 30. Qf4 Qaf7 31. c4 Rd8 32. h4 h6 33. g3 Q8e7 34. cxb5 cxb5 35. Rbc1 Kh7 36. Rd4 Qff6 37. Rcd1 Rxd4 38. Rxd4 Qee5 39. Qf3 Qfe6 40. b4 Q5f6 41. h5 Qfe5 42. Kg2 Q6f6 43. Rf4 Qe8 44. g4 Qg5 45. Rxf5 1-0


[Site "https://www.chess.com"]

[Event "Titled Tuesday Blitz April 19 Early 2022"]
[White "Lysyj, Igor"]
[Black "Kornyukov, Alexey"]
[WhiteFideId "4150120"]
[BlackFideId "4150457"]
[WhiteElo "2611"]
[BlackElo "2303"]
[Result "1-0"]
[Round "03"]
[TimeControl "180+1"]
[Date "2022.04.19"]
[WhiteClock "0:00:39"]
[BlackClock "0:00:01"]

1. d4 d5 2. c4 e6 3. Nf3 c6 4. g3 Nf6 5. Bg2 Be7 6. O-O O-O 7. Qc2 Nbd7 8. Bf4 b6 9. cxd5 cxd5 10. Rc1 Bb7 11. Qb3 Rc8 12. Rxc8 Qxc8 13. Nc3 a6 14. Rc1 Qa8 15. Na4 b5 16. Nc5 Rc8 17. Nxb7 Qxb7 18. Ne1 Rxc1 19. Bxc1 Qc6 20. Qd1 Nb6 21. Nd3 Bd6 22. b3 Qc7 23. Bb2 Nbd7 24. e3 h6 25. Qc1 Qxc1+ 26. Bxc1 Kf8 27. Bd2 Ke7 28. Nb4 Nb8 29. Nc2 Kd7 30. Bf1 Kc6 31. a4 Kb6 32. f3 Nc6 33. axb5 axb5 34. Bd3 Na5 35. Na1 Ba3 36. Bxa5+ Kxa5 37. Nc2 Bb2 38. Kf2 e5 39. dxe5 Bxe5 40. f4 Bc3 41. Kf3 h5 42. Bf5 Kb6 43. h3 Kc5 44. g4 hxg4+ 45. hxg4 Ne8 46. Ke2 Nd6 47. Bd7 Bb2 48. g5 f6 49. g6 Ne4 50. Ne1 Nc3+ 51. Kd3 Ne4 52. Nf3 b4 53. Nh4 Nd6 54. Be6 Bc3 55. Nf3 Bb2 56. Bf7 Nf5 57. Be6 Ng3 58. Nh4 Kd6 59. Bf7 1-0


[Site "https://www.chess.com"]

[Event "Titled Tuesday Blitz April 19 Early 2022"]
[White "Makarian, Rudik"]
[Black "Le Ruyet, Leopold"]
[WhiteFideId "44105681"]
[BlackFideId "645923"]
[WhiteElo "2388"]
[BlackElo "2276"]
[Result "1-0"]
[Round "03"]
[TimeControl "180+1"]
[Date "2022.04.19"]
[WhiteClock "0:01:28"]
[BlackClock "0:00:08"]

1. d4 Nf6 2. c4 g6 3. Nc3 Bg7 4. e4 d6 5. Be2 O-O 6. Be3 e5 7. d5 a5 8. g4 c6 9. h4 b5 10. g5 Nfd7 11. dxc6 Nxc6 12. cxb5 Nd4 13. Nf3 Nxe2 14. Qxe2 Nc5 15. Bxc5 dxc5 16. Nd2 h5 17. O-O-O Be6 18. Nc4 Qc7 19. a4 Rad8 20. Nd5 Qb7 21. Rd2 Bxd5 22. exd5 Rxd5 23. Qe4 Rfd8 24. Ne3 1-0


[Site "https://www.chess.com"]

[Event "Titled Tuesday Blitz April 19 Early 2022"]
[White "Maksimenko, Viktor"]
[Black "Vovk, Orest"]
[WhiteFideId "13710478"]
[BlackFideId "14113490"]
[WhiteElo "2269"]
[BlackElo "2203"]
[Result "1-0"]
[Round "03"]
[TimeControl "180+1"]
[Date "2022.04.19"]
[WhiteClock "0:00:36"]
[BlackClock "0:00:30"]

1. d4 e5 2. dxe5 Nc6 3. Nf3 Qe7 4. Nc3 Nxe5 5. Nd5 Nxf3+ 6. gxf3 Qd8 7. e4 d6 8. Be3 Be6 9. Qd2 c6 10. Nc3 Qa5 11. Rg1 h6 12. f4 g6 13. Bd4 Rh7 14. f5 Bd7 15. Bc4 Ne7 16. O-O-O O-O-O 17. f6 Ng8 18. f4 c5 19. Bf2 Nxf6 20. Bh4 Be7 21. e5 dxe5 22. fxe5 Ne4 23. Nxe4 Qxd2+ 24. Rxd2 Bxh4 25. Nd6+ Kc7 26. Nxf7 Re8 27. Rxg6 Bf5 28. Rg1 Re7 29. Nd6 Rxe5 30. Nxf5 Rxf5 31. Bd3 Rg5 32. Rxg5 Bxg5 33. Bxh7 1-0


[Site "https://www.chess.com"]

[Event "Titled Tuesday Blitz April 19 Early 2022"]
[White "Mangialardo, Tiago Carvalho"]
[Black "Chandratreya, Prachiti"]
[WhiteFideId "2130718"]
[BlackFideId "46611215"]
[WhiteElo "2036"]
[BlackElo "1737"]
[Result "0-1"]
[Round "03"]
[TimeControl "180+1"]
[Date "2022.04.19"]
[WhiteClock "0:00:14"]
[BlackClock "0:01:26"]

1. e4 e6 2. d4 d5 3. exd5 exd5 4. c4 Nf6 5. Nc3 Bb4 6. Nf3 O-O 7. Be2 c6 8. O-O dxc4 9. Bxc4 Nbd7 10. Bg5 h6 11. Bh4 Nb6 12. Bd3 Re8 13. Ne4 Be7 14. Nxf6+ Bxf6 15. Bxf6 Qxf6 16. Re1 Bg4 17. Be2 Rad8 18. Qb3 Bxf3 19. Bxf3 Qxd4 20. Rad1 Qc4 21. Rxe8+ Rxe8 22. Qa3 a6 23. g3 Na8 24. Qd6 Qb5 25. Qd7 Rf8 26. b3 Qb6 27. Qe7 Nc7 28. Rd7 Ne6 29. Rxb7 Qd4 30. Bh5 Ng5 31. h4 Nh3+ 32. Kg2 Qxf2+ 33. Kxh3 Qf1+ 34. Kg4 f5# 0-1


[Site "https://www.chess.com"]

[Event "Titled Tuesday Blitz April 19 Early 2022"]
[White "Manukian, Artak"]
[Black "Antonio, Jorge Carlos"]
[WhiteFideId "13301373"]
[BlackFideId "113190"]
[WhiteElo "2341"]
[BlackElo "2247"]
[Result "1/2-1/2"]
[Round "03"]
[TimeControl "180+1"]
[Date "2022.04.19"]
[WhiteClock "0:00:22"]
[BlackClock "0:00:39"]

1. e4 e5 2. Nf3 Nc6 3. d4 exd4 4. Nxd4 Nf6 5. Nxc6 bxc6 6. e5 Nd5 7. Bd3 d6 8. exd6 Bxd6 9. O-O O-O 10. Qh5 g6 11. Qh6 Be5 12. Bg5 Qd7 13. Nd2 Bg7 14. Qh4 Bxb2 15. Rab1 Bg7 16. Ne4 Qg4 17. Qxg4 Bxg4 18. c4 Nb6 19. Nf6+ Bxf6 20. Bxf6 Rae8 21. Rfe1 Rxe1+ 22. Rxe1 Be6 23. c5 Nd5 24. Be5 f6 25. Bg3 Kf7 26. Be4 Rb8 27. Bxd5 Bxd5 28. Bxc7 Rb2 29. a4 Rc2 30. Bd6 Be6 31. Ra1 Rc4 32. a5 a6 33. h3 Rb4 34. Kh2 Rb2 35. Kg3 Rb3+ 36. f3 h5 37. h4 Rb5 38. Ra4 Bd5 39. Ra3 Be6 40. Ra4 Bd5 41. Ra3 Be6 42. Ra4 1/2-1/2


[Site "https://www.chess.com"]

[Event "Titled Tuesday Blitz April 19 Early 2022"]
[White "Marczuk, Dominik"]
[Black "Kahlert, Thomas"]
[WhiteFideId "1111264"]
[BlackFideId "4625242"]
[WhiteElo "1912"]
[BlackElo "2228"]
[Result "0-1"]
[Round "03"]
[TimeControl "180+1"]
[Date "2022.04.19"]
[WhiteClock "0:00:19"]
[BlackClock "0:01:22"]

1. e4 e5 2. Nf3 Nc6 3. Bc4 Be7 4. O-O Nf6 5. d3 O-O 6. Bb3 d6 7. c3 Na5 8. Nbd2 Nxb3 9. axb3 a6 10. b4 Bd7 11. h3 h6 12. Re1 Re8 13. Nf1 Bf8 14. Ng3 g6 15. Be3 Bg7 16. Qd2 Kh7 17. Kh2 d5 18. Qc2 Bc6 19. exd5 Nxd5 20. Ne4 f5 21. Nc5 Qd6 22. Kh1 Rad8 23. Bd2 a5 24. Rxa5 b6 25. Ra6 bxc5 26. b5 Nb6 27. bxc6 Qxd3 28. Qxd3 Rxd3 29. Be3 e4 30. Ng1 Re6 31. Bxc5 Rxc6 32. Bxb6 Rxb6 33. Rxb6 cxb6 34. Ra1 Rd2 35. Rb1 Rxf2 36. h4 Be5 37. Nh3 Rd2 38. Kg1 Kg7 39. Kf1 Kf6 40. Ng1 g5 41. Ne2 f4 42. Ke1 e3 43. c4 Rxb2 44. Rd1 Kf5 45. Rd5 Ke4 46. Rd8 Rb1+ 47. Rd1 Rxd1+ 48. Kxd1 g4 49. Kc2 f3 50. gxf3+ gxf3 51. Nc1 h5 52. Nd3 Bf6 53. c5 bxc5 54. Nxc5+ Kf4 55. Kd3 e2 56. Kd2 Bc3+ 57. Kxc3 e1=Q+ 58. Kd4 Qe3+ 59. Kd5 Qxc5+ 60. Kxc5 f2 61. Kd5 f1=Q 62. Ke6 Kg4 63. Ke7 Kxh4 64. Ke6 Kg3 65. Ke7 Qf5 66. Kd6 h4 67. Kc7 Qg6 68. Kb8 Qg7 69. Kc8 h3 70. Kd8 h2 71. Ke8 h1=Q 72. Kd8 Qhh8# 0-1


[Site "https://www.chess.com"]

[Event "Titled Tuesday Blitz April 19 Early 2022"]
[White "Marin Masis, Jose Esteban"]
[Black "Atanejhad, Sahebali"]
[WhiteFideId "6508146"]
[BlackFideId "12506664"]
[WhiteElo "1710"]
[BlackElo "1953"]
[Result "0-1"]
[Round "03"]
[TimeControl "180+1"]
[Date "2022.04.19"]
[WhiteClock "0:00:10"]
[BlackClock "0:02:12"]

1. e4 c6 2. d4 g6 3. Nf3 Bg7 4. Nc3 d5 5. e5 Bg4 6. h3 Bxf3 7. gxf3 e6 8. Be3 Nd7 9. Qd2 Bf8 10. Bd3 a6 11. O-O-O c5 12. h4 h5 13. Rdg1 cxd4 14. Bxd4 Bh6 15. f4 Ne7 16. Ne2 Rc8 17. Kb1 Nc6 18. Bc3 Qb6 19. Bxg6 fxg6 20. Rxg6 Ne7 21. Rg2 Nf5 22. Rhg1 Rc4 23. Rg8+ Rxg8 24. Rxg8+ Kf7 25. Rg2 d4 26. Ba5 Qc6 27. b3 Qxg2 28. bxc4 Qxf2 29. Qd3 Qe3 30. Qd1 Bxf4 31. Nc1 Qxc1+ 32. Qxc1 Bxc1 33. Kxc1 0-1


[Site "https://www.chess.com"]

[Event "Titled Tuesday Blitz April 19 Early 2022"]
[White "Markelova, Lubov"]
[Black "Melikhov, Evgeny V."]
[WhiteFideId "24131369"]
[BlackFideId "4122046"]
[WhiteElo "1857"]
[BlackElo "1931"]
[Result "0-1"]
[Round "03"]
[TimeControl "180+1"]
[Date "2022.04.19"]
[WhiteClock "0:01:32"]
[BlackClock "0:01:49"]

1. e4 c5 2. Nf3 d6 3. d4 cxd4 4. Nxd4 Nf6 5. Nc3 a6 6. f3 e5 7. Nb3 Be6 8. Be3 Be7 9. Qd2 O-O 10. O-O-O Nbd7 11. g4 b5 12. g5 Nh5 13. Nd5 Bxd5 14. exd5 Qc7 15. Na5 Rfc8 16. Nc6 Bf8 17. Bh3 Nb6 18. Bxc8 Rxc8 19. Bxb6 Qxb6 20. Qa5 Rxc6 21. Qd2 Rc4 22. h4 g6 23. Qe2 Ng3 0-1


[Site "https://www.chess.com"]

[Event "Titled Tuesday Blitz April 19 Early 2022"]
[White "Martinez Alcantara, Jose Eduardo"]
[Black "Mekhitarian, Krikor Sevag"]
[WhiteFideId "3805662"]
[BlackFideId "2107660"]
[WhiteElo "2690"]
[BlackElo "2598"]
[Result "1-0"]
[Round "03"]
[TimeControl "180+1"]
[Date "2022.04.19"]
[WhiteClock "0:00:07"]
[BlackClock "0:00:02"]

1. e4 c5 2. Nf3 g6 3. Bc4 Bg7 4. d3 Nc6 5. Nc3 d6 6. a3 Nf6 7. Ba2 O-O 8. O-O Rb8 9. Bf4 b5 10. h3 a5 11. Qd2 e5 12. Bg5 b4 13. Nd5 Be6 14. axb4 axb4 15. Bc4 Bxd5 16. Bxd5 Ne7 17. Bc4 Qd7 18. Ra6 Ra8 19. Rfa1 Qb7 20. Qc1 Rxa6 21. Rxa6 Nc6 22. Qa1 Nd7 23. Bd5 Nb6 24. Bxc6 Qxc6 25. Qa5 Rb8 26. Nd2 Qb7 27. Qb5 h6 28. Be3 Kh7 29. b3 Bf8 30. f4 exf4 31. Bxf4 Be7 32. Nf3 Nc8 33. Qxb7 Rxb7 34. Kf2 Nb6 35. Nd2 Kg7 36. Ke2 f5 37. Nf3 g5 38. Bg3 fxe4 39. dxe4 Kf7 40. Ne1 Ke6 41. Nd3 Kd7 42. e5 d5 43. Bf2 Kc6 44. Ra5 Nd7 45. e6 Nf8 46. Bxc5 Nxe6 47. Ra6+ Kb5 48. Rxe6 Bxc5 49. Rxh6 Re7+ 50. Kd1 Bd4 51. Rg6 Bc3 52. Rxg5 Kc6 53. Rg4 d4 54. Rg5 Rb7 55. Ke2 Ra7 56. Rc5+ Kd6 57. Rc4 Ra2 58. Nxb4 Bxb4 59. Rxb4 Rxc2+ 60. Kd3 Rxg2 61. Rxd4+ Kc5 62. Re4 Rb2 63. Kc3 Rh2 64. Re3 Kd5 65. b4 Rh1 66. Kb2 Kc4 67. Re4+ Kb5 68. h4 Rh3 69. Kc2 Ka4 70. Rg4 Kb5 71. Kd2 Rb3 72. Ke2 Kc6 73. Kf2 Kd5 74. b5 Ke5 75. Rg5+ Kf4 76. Rc5 Rb2+ 77. Ke1 Kg4 78. h5 Kf3 79. Kd1 Ke3 80. Kc1 Rh2 81. b6 Kd4 82. Rb5 Kc4 83. b7 Rh1+ 84. Kd2 Rh2+ 85. Ke1 Rh1+ 86. Kf2 1-0


[Site "https://www.chess.com"]

[Event "Titled Tuesday Blitz April 19 Early 2022"]
[White "Matlakov, Maxim"]
[Black "De Silva, L M S T"]
[WhiteFideId "4168003"]
[BlackFideId "9953698"]
[WhiteElo "2669"]
[BlackElo "1631"]
[Result "1-0"]
[Round "03"]
[TimeControl "180+1"]
[Date "2022.04.19"]
[WhiteClock "0:00:32"]
[BlackClock "0:00:40"]

1. d4 Nf6 2. Nf3 e6 3. c4 b6 4. a3 Bb7 5. Nc3 g6 6. Qc2 d5 7. Bg5 Bg7 8. e3 O-O 9. cxd5 exd5 10. Be2 c6 11. O-O Nbd7 12. b4 Rc8 13. Qb3 Re8 14. Rfd1 a6 15. a4 b5 16. axb5 axb5 17. Ne1 Qb6 18. Nd3 Ra8 19. h3 Nf8 20. Bf4 N6d7 21. Nc5 Nxc5 22. bxc5 Qd8 23. Bd6 Ne6 24. Bd3 Bf8 25. Bg3 Qd7 26. h4 Ng7 27. Qc2 Nh5 28. Bh2 Be7 29. Be2 Ng7 30. h5 Qf5 31. e4 dxe4 32. g4 Qd7 33. Rxa8 Bxa8 34. Nxe4 f5 35. Nd6 Bxd6 36. Bxd6 fxg4 37. hxg6 Qf5 38. Bd3 Qh5 39. gxh7+ Kh8 40. Bg6 Qd5 41. Bxe8 Nf5 42. Be5+ Kxh7 43. Qxf5+ 1-0


[Site "https://www.chess.com"]

[Event "Titled Tuesday Blitz April 19 Early 2022"]
[White "Meekins, Kristopher C"]
[Black "Mikhalsky, Vladimir"]
[WhiteFideId "2005964"]
[BlackFideId "14144352"]
[WhiteElo "2285"]
[BlackElo "2301"]
[Result "1-0"]
[Round "03"]
[TimeControl "180+1"]
[Date "2022.04.19"]
[WhiteClock "0:01:12"]
[BlackClock "0:01:03"]

1. e4 g6 2. d4 Bg7 3. Nc3 d6 4. Bg5 h6 5. Bh4 a6 6. f4 Nf6 7. e5 Nfd7 8. e6 fxe6 9. Bd3 Nf8 10. Nf3 Nc6 11. Bf2 g5 12. fxg5 hxg5 13. O-O g4 14. Ng5 Bxd4 15. Bxd4 Nxd4 16. Nf7 g3 17. Nxh8 gxh2+ 18. Kh1 e5 19. Rxf8+ Kxf8 20. Qh5 Kg7 21. Qg6+ 1-0


[Site "https://www.chess.com"]